 Dungeon Crawl Stone Soup version 0.31-a0-264-ga0b03e459d (webtiles) character file.

Game seed: 11723926608045931304

151 qw the Shooter (level 5, -3/30 HPs)
             Began as a Gargoyle Hexslinger on July 13, 2023.
             Slain by an ice beast (14 damage)
             ... on level 5 of the Dungeon.
             The game lasted 00:00:51 (2113 turns).

qw the Shooter (Gargoyle Hexslinger)                Turns: 2113, Time: 00:00:52

Health: -3/30      AC:  9    Str: 11    XL:     5   Next: 33%
Magic:  6/6        EV: 11    Int: 14    God:
Gold:   156        SH:  0    Dex: 14    Spells: 5/6 levels left

rFire   . . .        Y - +1 sling (freeze)
rCold   . . .        (no shield)
rNeg    + . .        j - +0 leather armour
rPois   inf          g - +0 helmet
rElec   +            (no cloak)
rCorr   .            h - +0 pair of gloves
SInv    .            (no boots)
Will    .....        f - amulet of regeneration
Stlth   +            (no ring)
HPRegen 1.05/turn    (no ring)
MPRegen 0.10/turn

%: no passive effects
@: no status effects
A: sickness immunity, AC +4, negative energy resistance 1, electricity
resistance, torment resistance 1, petrification resistance
a: no special abilities


You were on level 5 of the Dungeon.
You visited 1 branch of the dungeon, and saw 4 of its levels.

You collected 156 gold pieces.


Innate Abilities, Weirdness & Mutations

You are immune to sickness and miasma.
Your stone body is resilient. (AC +4)
You are immune to poison.
You resist negative energy. (rN+)
You are resistant to electric shocks. (rElec)
You are resistant to unholy torment.
You are immune to petrification.


   Skills:
 + Level 2.0 Fighting
 - Level 5.1 Ranged Weapons
 - Level 1.5 Dodging
 - Level 1.0 Spellcasting
 - Level 2.6 Hexes


You had 5 spell levels left.
You knew the following spells:

 Your Spells              Type           Power      Damage    Failure   Level
a - Slow                  Hex            32%        N/A       12%         1

Your spell library contained the following spells:

 Spells                   Type           Power      Damage    Failure   Level
 Inner Flame              Hex/Fire       4%         N/A       52%         3
 Portal Projectile        Hex/Tloc       8%         N/A       52%         3
 Cause Fear               Hex            4%         N/A       75%         4

Inventory:

Hand Weapons
 Y - a +1 sling of freezing (weapon)
Armour
 a - a +0 ring mail
 g - a +0 helmet (worn)
 h - a +0 pair of gloves (worn)
 j - a +0 leather armour (worn)
Jewellery
 f - an amulet of regeneration (around neck)
Scrolls
 e - a scroll of identify
Potions
 k - a potion of magic {unknown}

Dungeon Overview and Level Annotations

Branches:
Dungeon (3/15)

Altars:


Message History

The sling bullet hits the ice beast but does no damage.
The ice beast is lightly wounded.
You shoot a sling bullet.
The sling bullet closely misses the ice beast.
You shoot a sling bullet. The sling bullet hits the ice beast.
The ice beast is moderately wounded.
You shoot a sling bullet.
The sling bullet closely misses the ice beast.
The ice beast hits you but does no damage.
You shoot a sling bullet.
The sling bullet hits the ice beast but does no damage.
The ice beast is moderately wounded.
The ice beast misses you.
A shadow imp comes into view.
You shoot a sling bullet. The shadow imp shouts!
The sling bullet hits the ice beast.
The ice beast is moderately wounded.
The ice beast misses you.
You shoot a sling bullet. The sling bullet hits the ice beast.
The ice beast is heavily wounded.
An orc wizard comes into view. It is wielding a +0 hand axe.
The ice beast barely misses you.
You shoot a sling bullet. The orc wizard shouts!
The sling bullet hits the ice beast.
The ice beast is heavily wounded.
The ice beast closely misses you.
A hound comes into view.
You shoot a sling bullet. The hound barks!
The sling bullet hits the ice beast.
The ice beast is severely wounded.
The ice beast barely misses you. The ice beast hits you.
The ice beast freezes you!
You shoot a sling bullet. The sling bullet hits the ice beast!
The ice beast is almost dead.
A black bear comes into view.
The ice beast hits you. The ice beast freezes you!
You die...

######
#....#########...
+........@Y5o.h..
+..8#...######..h
+....##.)....).
#......#####.#.
####...# #.....#
#.#.### #.#.. .
###


You could see a black bear (wandering), an ice beast, a hound, an orc wizard and
a shadow imp.

Vanquished Creatures
  3 orc wizards
  3 dart slugs (D:2)
  5 orcs
  7 ball pythons
  7 bats
  5 endoplasms
  3 giant cockroaches (D:1)
  6 goblins
  7 hobgoblins
  2 jackals (D:2)
  7 kobolds
  A quokka (D:1)
  6 rats
62 creatures vanquished.

Notes
Turn   | Place    | Note
-------+----------+-------------------------------------------
     0 | D:1      | qw the Gargoyle Hexslinger began the quest for the Orb.
     0 | D:1      | Reached XP level 1. HP: 12/12 MP: 2/2
     0 | D:1      | 0 ||| qw: Version: 0.3-a-52-g30416fa
     0 | D:1      | 0 ||| qw: Game counter: 7566
     0 | D:1      | 0 ||| qw: Melee chars always use a shield: true
     0 | D:1      | 0 ||| qw: God list: Okawaru
     0 | D:1      | 0 ||| qw: Allow faded altars: false
     0 | D:1      | 0 ||| qw: Do Orc after clearing Dungeon:15 true
     0 | D:1      | 0 ||| qw: Do second Lair branch before Depths: true
     0 | D:1      | 0 ||| qw: Lair rune preference: random
     0 | D:1      | 0 ||| qw: Goals: Normal
     0 | D:1      | 0 ||| PLANNING D:1-11
   107 | D:1      | Reached XP level 2. HP: 11/16 MP: 3/3
   239 | D:1      | Reached skill level 3 in Ranged Weapons
   796 | D:1      | Reached XP level 3. HP: 21/21 MP: 4/4
  1107 | D:1      | 1107 ||| UPGRADING to +0 helmet.
  1112 | D:1      | 1112 ||| UPGRADING to +0 pair of gloves.
  1117 | D:1      | 1117 ||| UPGRADING to +0 leather armour.
  1127 | D:1      | 1127 ||| DROPPING +0 robe.
  1128 | D:1      | 1128 ||| UPGRADING to amulet of regeneration.
  1133 | D:1      | 1133 ||| READING scroll labelled HOLEMU JAXZA.
  1136 | D:1      | 1136 ||| READING 2 scrolls labelled COXOQE JODDYD.
  1137 | D:1      | 1137 ||| READING 2 scrolls labelled KURHYF YDEARULEFE.
  1138 | D:1      | 1138 ||| READING scroll of brand weapon.
  1138 | D:1      | 1138 ||| BRANDING +1 sling of draining.
  1139 | D:1      | 1139 ||| DROPPING scroll of poison.
  1633 | D:2      | Reached XP level 4. HP: 26/26 MP: 5/5
  1868 | D:2      | 1868 ||| READING scroll labelled BEGAIM VIMEI.
  1869 | D:2      | 1869 ||| READING scroll labelled GIGARO VAJOC.
  1870 | D:2      | 1870 ||| READING 2 scrolls labelled ITOARE CAST.
  1871 | D:2      | 1871 ||| READING 3 scrolls of identify.
  1871 | D:2      | 1871 ||| IDENTIFYING coppery potion
  1872 | D:2      | 1872 ||| READING 2 scrolls of identify.
  1872 | D:2      | 1872 ||| IDENTIFYING murky silvery potion
  1873 | D:2      | 1873 ||| DROPPING potion of attraction.
  1874 | D:2      | 1874 ||| DROPPING potion of degeneration.
  1875 | D:2      | 1875 ||| DROPPING scroll of revelation.
  1918 | D:3      | Reached skill level 4 in Ranged Weapons
  1951 | D:3      | Reached XP level 5. HP: 30/30 MP: 6/6
  2082 | D:3      | You fall into a shaft and drop 2 floors!
  2082 | D:5      | Entered Level 5 of the Dungeon
  2100 | D:5      | Reached skill level 5 in Ranged Weapons
  2102 | D:5      | Noticed an ice beast
  2113 | D:5      | Noticed a black bear
  2113 | D:5      | Slain by an ice beast

Levels and vault maps discovered:
D:1:      dpeg_arrival_concentric_ovals, layout_basic, grunt_decor_mini_mirrors
D:2:      layout_basic
D:3:      layout_basic, grunt_temple_overflow_forces_of_nature,
          serial_corexii_hall, corexii_hall_statues_l,
          chequers_hall_statues_corner_a, serial_shops, shop
D:5:      layout_rooms, nicolae_uskayaw_dance_hall, nzn_wu_jian_contemplation,
          slow_altar_2, nicolae_fountain_basement

Skill      XL: |  1  2  3  4  5 |
---------------+----------------+-----
Ranged Weapons | 3 4 5 |  5.1
Fighting       | 2 |  2.0
Dodging        | |  1.5
Spellcasting   | |  1.0
Hexes          | |  2.6

Action                     |  1- 3 |  4- 6 || total
---------------------------+-------+-------++-------
   Fire: Sling             |   144 |    70 ||   214
    Use: Scroll            |     4 |     5 ||     9
 Armour: Robe              |    19 |       ||    19
         Leather armour    |    14 |    20 ||    34
  Dodge: Dodged            |    45 |    20 ||    65

Table legend:
 A = Non-vault XP
 B = Vault XP
 C = Vault XP percentage of total XP
 D = Non-vault monster count
 E = Vault monster count
 F = Vault count percentage of total count
                 A         B        C        D         E       F
            +---------+---------+-------+---------+---------+-------
      Total |     216 |       0 |   0.0 |      62 |       0 |   0.0
            +---------+---------+-------+---------+---------+-------
        D:1 |      48 |       0 |   0.0 |      27 |       0 |   0.0
        D:2 |      43 |       0 |   0.0 |      23 |       0 |   0.0
        D:3 |      87 |       0 |   0.0 |      10 |       0 |   0.0
        D:5 |      38 |       0 |   0.0 |       2 |       0 |   0.0
            +---------+---------+-------+---------+---------+-------
